 Dungeon Crawl Stone Soup version 0.31-a0-187-gba352fbbf7 (webtiles) character file.

Game seed: 13325708166104256156

5222 qw the Markself (level 10, 0/60 HPs)
             Began as a Deep Elf Hunter on June 22, 2023.
             Slain by Maggie
             ... wielding a +1 glaive of flaming
              (3 damage)
             ... on level 8 of the Dungeon.
             The game lasted 00:03:19 (5744 turns).

qw the Markself (Deep Elf Hunter)                   Turns: 5744, Time: 00:03:20

Health: 0/60       AC:  8    Str: 12    XL:     10   Next: 35%
Magic:  21/21      EV: 16    Int: 15    God:
Gold:   334        SH:  0    Dex: 24    Spells: 9/9 levels left

rFire   . . .        i - +2 triple crossbow (heavy)
rCold   . . .        (shield currently unavailable)
rNeg    . . .        b - +0 ring mail
rPois   .            k - +0 helmet
rElec   .            (no cloak)
rCorr   +            (no gloves)
SInv    .            n - +1 pair of boots {rampage}
Will    ++...        a - amulet "Reprefakau" {Faith Will+ Regen+ rCorr MP+9}
Stlth   ++           l - +6 ring of dexterity
HPRegen 1.10/turn    c - +4 ring of slaying {mikee}
MPRegen 0.17/turn

%: rampage, faith
@: no status effects
A: no striking features
a: no special abilities


You were on level 8 of the Dungeon.
You visited 2 branches of the dungeon, and saw 9 of its levels.

You collected 512 gold pieces.
You spent 178 gold pieces at shops.


   Skills:
 - Level 5.7 Fighting
 + Level 18.4 Ranged Weapons
 - Level 3.0 Armour
 - Level 8.0 Dodging
 - Level 1.2 Stealth


You had 9 spell levels left.
You didn't know any spells.
Your spell library was empty.

Inventory:

Hand Weapons
 i - a +2 heavy triple crossbow (weapon)
Armour
 b - a +0 ring mail (worn)
 k - a +0 helmet (worn)
 n - a +1 pair of boots of rampaging (worn)
Jewellery
 a - the amulet "Reprefakau" (around neck) {Faith Will+ Regen+ rCorr MP+9}
   (You found it on level 3 of the Dungeon)

   [amulet of faith]

   It allows you to gain divine favour quickly.
   MP:        It affects your magic capacity (+9).
   Regen:     It increases your rate of health regeneration.
   rCorr:     It protects you from acid and corrosion.
   Will:      It increases your willpower.
 c - a +4 ring of slaying (right hand) {mikee}
 l - a +6 ring of dexterity (left hand)
Scrolls
 g - 4 scrolls of identify
Potions
 d - 6 potions of curing
 e - 2 potions of might
 f - 2 potions of resistance
 h - a potion of ambrosia {unknown}
 j - a potion of cancellation
 m - a potion of haste

Dungeon Overview and Level Annotations

Branches:
Dungeon (8/15)             Temple (1/1) D:6
   Lair: D:8-11

Altars:
Ashenzari
Cheibriados
Elyvilon
Fedhas
Hepliaklqana
Kikubaaqudgha
Nemelex Xobeh
Ru
Trog
Uskayaw
Vehumet
Wu Jian
Xom
Yredelemnul
Zin
The Shining One

Shops:
D:3 (??*=   D:5 ?

Annotations:
D:8 Maggie


Message History

You kill the orc!
The kobold misses you. The kobold closely misses you.
The kobold hits you but does no damage. x2
You shoot a bolt. The bolt hits the kobold!!!!
You kill the kobold!
The kobold misses you. The kobold completely misses you. The wight misses you.
You shoot a bolt. The bolt hits the kobold!!!
You kill the kobold!
The wight misses you.
Maggie the Vainglorious comes into view.
She is wielding a +1 glaive of flaming and carrying a wand of digging (2).
The wight closely misses you.
You shoot a bolt.
Maggie shouts!
The bolt hits the wight!!!
You destroy the wight!
Maggie gestures wildly while chanting.
Maggie attempts to bespell you! You resist with almost no effort.
Maggie mumbles some strange words.
Maggie attempts to bespell you!
You easily resist.
You shoot a bolt. The bolt hits Gastronok!!
Gastronok is moderately wounded.
Maggie casts a spell.
Maggie attempts to bespell you! You resist with almost no effort.
You shoot a bolt. The bolt hits Gastronok!!!
Gastronok is heavily wounded.
Gastronok bites you!!
You shoot a bolt. The bolt hits Gastronok!!!
Gastronok is almost dead.
Gastronok closely misses you. Maggie barely misses you.
You shoot a bolt. The bolt hits Gastronok!!
You kill Gastronok!
Maggie closely misses you.
Maggie mumbles some strange words.
Maggie attempts to bespell you! You resist with almost no effort.
Your Fighting skill increases to level 5!
You shoot a bolt. The bolt hits Maggie.
Maggie is lightly wounded.
Maggie hits you from afar with a +1 glaive of flaming!
Maggie burns you.
You die...

####..##'########
#.............#
#..<..........#
#.............#
#..)..........#
#.............#
#########....####...##
#.......#'#######...#
#.......@)@.........#
#>....#)[)..........#
#.... #...).........#
#... #....)........#
#######.......).....+
#..>'.[......))....#
#...#.......##....##
#...#.......##.....##..
#...#.......#.........#


You could see Maggie.

Vanquished Creatures
  Gastronok (D:8)
  Sigmund (D:2)
  A wyvern (D:7)
  Grum (D:8)
  A steam dragon (D:7)
  2 water moccasins
  2 black bears
  An ice beast (D:8)
  3 wolves (D:7)
  A centaur (D:7)
  2 phantoms
  2 kobold brigands
  4 bullfrogs (D:8)
  A gnoll sergeant (D:7)
  2 wights (D:8)
  6 killer bees (D:8)
  A jelly (D:5)
  2 hounds
  2 gnoll boudas
  3 quasits (D:5)
  3 orc priests
  7 iguanas
  A sleepcap (D:7)
  Jessica (D:2)
  6 orc wizards
  Natasha (twice) (D:2)
  Terence (D:2)
  Robin (D:3)
  11 adders
  13 gnolls
  2 shadow imps (D:5)
  7 white imps
  8 ufetubi
  A worm (D:2)
  2 dart slugs
  18 orcs
  10 endoplasms
  2 giant cockroaches
  14 hobgoblins
  3 jackals (D:1)
  2 quokkas
  8 ball pythons
  4 bats
  3 frilled lizards
  18 goblins
  11 kobolds
  2 rats
200 creatures vanquished.

Notes
Turn   | Place    | Note
-------+----------+-------------------------------------------
     0 | D:1      | qw the Deep Elf Hunter began the quest for the Orb.
     0 | D:1      | Reached XP level 1. HP: 12/12 MP: 3/3
     0 | D:1      | 0 ||| qw: Version: 0.3-a-9-g12657ce
     0 | D:1      | 0 ||| qw: Game counter: 2158
     0 | D:1      | 0 ||| qw: Always use a shield: true
     0 | D:1      | 0 ||| qw: God list: Okawaru
     0 | D:1      | 0 ||| qw: Allow faded altars: false
     0 | D:1      | 0 ||| qw: Do Orc after D:15 true
     0 | D:1      | 0 ||| qw: Do second Lair branch before Depths: true
     0 | D:1      | 0 ||| qw: Lair rune preference: random
     0 | D:1      | 0 ||| qw: Plans: Normal
     0 | D:1      | 0 ||| PLANNING D:1-11
   210 | D:1      | Reached XP level 2. HP: 16/16 MP: 4/4
   212 | D:1      | Reached skill level 6 in Ranged Weapons
   720 | D:1      | 720 ||| UPGRADING to +0 helmet.
   725 | D:1      | 725 ||| UPGRADING to +0 scale mail.
   735 | D:1      | 735 ||| DROPPING +0 leather armour.
   736 | D:1      | 736 ||| UPGRADING to +1 pair of boots of rampaging.
   741 | D:1      | 741 ||| UPGRADING to +4 ring of slaying {mikee}.
   742 | D:1      | 742 ||| READING scroll labelled HIEKOUTASE.
   743 | D:1      | 743 ||| READING scroll labelled MYIQ SEMEZUWK.
   744 | D:1      | 744 ||| READING scroll labelled PUDIQEUMEI.
   745 | D:1      | 745 ||| DRINKING 2 fizzy grey potions.
   746 | D:1      | 746 ||| DRINKING 2 green potions.
   747 | D:1      | 747 ||| DROPPING scroll of butterflies.
   748 | D:1      | 748 ||| DROPPING potion of brilliance.
   750 | D:1      | 750 ||| Stepping ~*~*~tactically~*~*~ (cloud).
   751 | D:1      | 751 ||| DRINKING potion of curing.
   751 | D:1      | 751 ||| (to cure poison)
   798 | D:2      | Reached XP level 3. HP: 20/20 MP: 5/5
   824 | D:2      | Found a faded altar of an unknown god.
   860 | D:2      | Noticed Jessica
   862 | D:2      | Killed Jessica
   863 | D:2      | Reached skill level 7 in Ranged Weapons
   871 | D:2      | Noticed Natasha
   874 | D:2      | Killed Natasha
   875 | D:2      | Reached XP level 4. HP: 25/25 MP: 6/6
  1011 | D:2      | Noticed Natasha
  1015 | D:2      | Killed Natasha
  1016 | D:2      | Reached skill level 8 in Ranged Weapons
  1046 | D:2      | Noticed Sigmund
  1054 | D:2      | Killed Sigmund
  1055 | D:2      | Reached skill level 3 in Armour
  1055 | D:2      | Reached XP level 5. HP: 29/29 MP: 7/7
  1055 | D:2      | Reached XP level 6. HP: 34/34 MP: 8/8
  1136 | D:2      | Noticed Terence
  1147 | D:2      | Killed Terence
  1180 | D:2      | 1180 ||| UPGRADING to ring of willpower.
  1181 | D:2      | 1181 ||| DROPPING ring of flight.
  1182 | D:2      | 1182 ||| READING scroll labelled UFICSO KUNIEDAITA.
  1183 | D:2      | 1183 ||| DRINKING 2 lumpy grey potions.
  1233 | D:3      | Found a sparkling altar of Nemelex Xobeh.
  1332 | D:3      | Found Zin's Purification Station.
  1335 | D:3      | Found a glowing silver altar of Zin.
  1338 | D:3      | 1338 ||| BUYING potion of curing (90 gold).
  1338 | D:3      | Bought a potion of curing for 90 gold pieces
  1351 | D:3      | Identified the amulet "Reprefakau" {Faith Will+ Regen+
                  | rCorr MP+9}
  1358 | D:3      | Found Irhuen's Magic Scroll Shop.
  1367 | D:3      | 1367 ||| BUYING scroll of identify (20 gold).
  1367 | D:3      | Bought a scroll of identify for 20 gold pieces
  1367 | D:3      | 1367 ||| SHOPLISTING scroll of identify (20 gold, have 0).
  1367 | D:3      | 1367 ||| SHOPLISTING scroll of teleportation (30 gold, have
                  | 0).
  1367 | D:3      | Found Onie's Assorted Antiques.
  1376 | D:3      | 1376 ||| SHOPLISTING 2 metallic amethyst potions (32 gold,
                  | have 0).
  1376 | D:3      | 1376 ||| SHOPLISTING 2 scrolls labelled BUAPLU OHIOF (36
                  | gold, have 0).
  1376 | D:3      | 1376 ||| SHOPLISTING metallic amethyst potion (16 gold,
                  | have 0).
  1376 | D:3      | 1376 ||| SHOPLISTING potion of curing (54 gold, have 0).
  1376 | D:3      | 1376 ||| SHOPLISTING scroll labelled SOBRUF GIMA (18 gold,
                  | have 0).
  1376 | D:3      | 1376 ||| SHOPLISTING scroll of enchant weapon (135 gold,
                  | have 0).
  1376 | D:3      | 1376 ||| SHOPLISTING scroll of identify (36 gold, have 0).
  1393 | D:3      | Found Qyblit's Jewellery Boutique.
  1397 | D:3      | 1397 ||| SHOPLISTING +4 ring of slaying (858 gold, have 0).
  1397 | D:3      | 1397 ||| SHOPLISTING ring of see invisible (165 gold, have
                  | 0).
  1483 | D:3      | 1483 ||| FLEEEEING.
  1484 | D:3      | 1484 ||| FLEEEEING.
  1485 | D:3      | 1485 ||| FLEEEEING.
  1486 | D:3      | 1486 ||| FLEEEEING.
  1519 | D:3      | Found a radiant altar of Vehumet.
  1654 | D:3      | Reached skill level 9 in Ranged Weapons
  1712 | D:3      | Noticed Robin
  1721 | D:3      | Killed Robin
  1748 | D:3      | Found Byiniuso's Weapon Shoppe.
  1799 | D:3      | Found Poggock's Magic Scroll Boutique.
  1808 | D:3      | 1808 ||| BUYING scroll of identify (24 gold).
  1808 | D:3      | Bought a scroll of identify for 24 gold pieces
  1808 | D:3      | 1808 ||| BUYING scroll of identify (24 gold).
  1808 | D:3      | Bought a scroll of identify for 24 gold pieces
  2022 | D:3      | 2022 ||| UPGRADING to amulet "Reprefakau" {Faith Will+
                  | Regen+ rCorr MP+9}.
  2087 | D:3      | 2087 ||| UPGRADING to ring of protection from cold.
  2089 | D:3      | 2089 ||| READING scroll labelled REKAIFIEFU.
  2089 | D:3      | Identified a scroll of acquirement
  2089 | D:3      | 2089 ||| ACQUIRING +2 triple crossbow of freezing
  2089 | D:3      | Acquired a +2 triple crossbow of freezing
  2091 | D:3      | 2091 ||| SWAPPING to +2 triple crossbow of freezing.
  2092 | D:3      | 2092 ||| DROPPING +1 shortbow.
  2093 | D:3      | 2093 ||| READING 3 scrolls of identify.
  2093 | D:3      | 2093 ||| IDENTIFYING pink potion
  2094 | D:3      | 2094 ||| READING 2 scrolls of identify.
  2094 | D:3      | 2094 ||| IDENTIFYING viscous golden potion
  2184 | D:4      | You fall into a shaft and drop 1 floor!
  2184 | D:5      | Entered Level 5 of the Dungeon
  2184 | D:5      | Found Abehej's Magic Scroll Emporium.
  2188 | D:5      | 2188 ||| SHOPLISTING scroll of enchant armour (75 gold,
                  | have 31).
  2188 | D:5      | 2188 ||| BUYING scroll of identify (20 gold).
  2188 | D:5      | Bought a scroll of identify for 20 gold pieces
  2188 | D:5      | 2188 ||| SHOPLISTING scroll of teleportation (30 gold, have
                  | 11).
  2205 | D:5      | Found a blossoming altar of Fedhas.
  2280 | D:5      | Reached XP level 7. HP: 39/40 MP: 9/9
  2310 | D:5      | Reached skill level 10 in Ranged Weapons
  2325 | D:5      | 2325 ||| READING scroll labelled PANWEY DISSE.
  2326 | D:5      | 2326 ||| READING scroll labelled SOBRUF GIMA.
  2330 | D:5      | 2330 ||| READING 3 scrolls of identify.
  2330 | D:5      | 2330 ||| IDENTIFYING sapphire potion
  2331 | D:5      | 2331 ||| DRINKING potion of experience.
  2331 | D:5      | Reached skill level 18 in Ranged Weapons
  2331 | D:5      | Reached XP level 8. HP: 44/44 MP: 10/10
  2332 | D:5      | 2332 ||| READING 2 scrolls of identify.
  2332 | D:5      | 2332 ||| IDENTIFYING metallic golden potion
  2333 | D:5      | 2333 ||| DROPPING potion of lignification.
  2334 | D:5      | 2334 ||| Stepping randomly (stuck).
  2336 | D:5      | 2336 ||| Stepping randomly (stuck).
  2337 | D:5      | 2337 ||| Stepping randomly (stuck).
  2338 | D:5      | 2338 ||| Stepping randomly (stuck).
  2339 | D:5      | 2339 ||| Stepping randomly (stuck).
  2340 | D:5      | 2340 ||| Stepping randomly (stuck).
  2341 | D:5      | 2341 ||| Stepping randomly (stuck).
  2342 | D:5      | 2342 ||| Stepping randomly (stuck).
  2343 | D:5      | 2343 ||| Stepping randomly (stuck).
  2344 | D:5      | 2344 ||| Stepping randomly (stuck).
  2345 | D:5      | 2345 ||| Stepping randomly (stuck).
  2346 | D:5      | 2346 ||| Stepping randomly (stuck).
  2347 | D:5      | 2347 ||| Stepping randomly (stuck).
  2348 | D:5      | 2348 ||| Stepping randomly (stuck).
  2351 | D:5      | 2351 ||| Stepping randomly (stuck).
  2352 | D:5      | 2352 ||| Stepping randomly (stuck).
  2353 | D:5      | 2353 ||| Stepping randomly (stuck).
  2354 | D:5      | 2354 ||| Stepping randomly (stuck).
  2355 | D:5      | 2355 ||| Stepping randomly (stuck).
  2356 | D:5      | 2356 ||| Stepping randomly (stuck).
  2357 | D:5      | 2357 ||| Stepping randomly (stuck).
  2358 | D:5      | 2358 ||| Stepping randomly (stuck).
  2359 | D:5      | 2359 ||| Stepping randomly (stuck).
  2360 | D:5      | 2360 ||| Stepping randomly (stuck).
  2361 | D:5      | 2361 ||| Stepping randomly (stuck).
  2362 | D:5      | 2362 ||| Stepping randomly (stuck).
  2363 | D:5      | 2363 ||| Stepping randomly (stuck).
  2364 | D:5      | 2364 ||| Stepping randomly (stuck).
  2365 | D:5      | 2365 ||| Stepping randomly (stuck).
  2366 | D:5      | 2366 ||| Stepping randomly (stuck).
  2367 | D:5      | 2367 ||| Stepping randomly (stuck).
  2368 | D:5      | 2368 ||| Stepping randomly (stuck).
  2369 | D:5      | 2369 ||| Stepping randomly (stuck).
  2370 | D:5      | 2370 ||| Stepping randomly (stuck).
  2371 | D:5      | 2371 ||| Stepping randomly (stuck).
  2372 | D:5      | 2372 ||| Stepping randomly (stuck).
  2373 | D:5      | 2373 ||| Stepping randomly (stuck).
  2374 | D:5      | 2374 ||| Stepping randomly (stuck).
  2375 | D:5      | 2375 ||| Stepping randomly (stuck).
  2376 | D:5      | 2376 ||| Stepping randomly (stuck).
  2377 | D:5      | 2377 ||| Stepping randomly (stuck).
  2378 | D:5      | 2378 ||| Stepping randomly (stuck).
  2379 | D:5      | 2379 ||| Stepping randomly (stuck).
  2380 | D:5      | 2380 ||| Stepping randomly (stuck).
  2381 | D:5      | 2381 ||| Stepping randomly (stuck).
  2382 | D:5      | 2382 ||| Stepping randomly (stuck).
  2383 | D:5      | 2383 ||| Stepping randomly (stuck).
  2384 | D:5      | 2384 ||| Stepping randomly (stuck).
  2385 | D:5      | 2385 ||| Stepping randomly (stuck).
  2386 | D:5      | 2386 ||| Stepping randomly (stuck).
  2387 | D:5      | 2387 ||| Stepping randomly (stuck).
  2388 | D:5      | 2388 ||| Stepping randomly (stuck).
  2389 | D:5      | 2389 ||| Stepping randomly (stuck).
  2390 | D:5      | 2390 ||| Stepping randomly (stuck).
  2391 | D:5      | 2391 ||| Stepping randomly (stuck).
  2392 | D:5      | 2392 ||| Stepping randomly (stuck).
  2393 | D:5      | 2393 ||| Stepping randomly (stuck).
  2394 | D:5      | 2394 ||| Stepping randomly (stuck).
  2395 | D:5      | 2395 ||| Stepping randomly (stuck).
  2396 | D:5      | 2396 ||| Stepping randomly (stuck).
  2397 | D:5      | 2397 ||| Stepping randomly (stuck).
  2398 | D:5      | 2398 ||| Stepping randomly (stuck).
  2399 | D:5      | 2399 ||| Stepping randomly (stuck).
  2400 | D:5      | 2400 ||| Stepping randomly (stuck).
  2401 | D:5      | 2401 ||| Stepping randomly (stuck).
  2402 | D:5      | 2402 ||| Stepping randomly (stuck).
  2403 | D:5      | 2403 ||| Stepping randomly (stuck).
  2404 | D:5      | 2404 ||| Stepping randomly (stuck).
  2405 | D:5      | 2405 ||| Stepping randomly (stuck).
  2406 | D:5      | 2406 ||| Stepping randomly (stuck).
  2407 | D:5      | 2407 ||| Stepping randomly (stuck).
  2408 | D:5      | 2408 ||| Stepping randomly (stuck).
  2409 | D:5      | 2409 ||| Stepping randomly (stuck).
  2410 | D:5      | 2410 ||| Stepping randomly (stuck).
  2411 | D:5      | 2411 ||| Stepping randomly (stuck).
  2412 | D:5      | 2412 ||| Stepping randomly (stuck).
  2413 | D:5      | 2413 ||| Stepping randomly (stuck).
  2414 | D:5      | 2414 ||| Stepping randomly (stuck).
  2415 | D:5      | 2415 ||| Stepping randomly (stuck).
  2416 | D:5      | 2416 ||| Stepping randomly (stuck).
  2417 | D:5      | 2417 ||| Stepping randomly (stuck).
  2418 | D:5      | 2418 ||| Stepping randomly (stuck).
  2419 | D:5      | 2419 ||| Stepping randomly (stuck).
  2420 | D:5      | 2420 ||| Stepping randomly (stuck).
  2421 | D:5      | 2421 ||| Stepping randomly (stuck).
  2422 | D:5      | 2422 ||| Stepping randomly (stuck).
  2423 | D:5      | 2423 ||| Stepping randomly (stuck).
  2424 | D:5      | 2424 ||| Stepping randomly (stuck).
  2425 | D:5      | 2425 ||| Stepping randomly (stuck).
  2426 | D:5      | 2426 ||| Stepping randomly (stuck).
  2427 | D:5      | 2427 ||| Stepping randomly (stuck).
  2428 | D:5      | 2428 ||| Stepping randomly (stuck).
  2429 | D:5      | 2429 ||| Stepping randomly (stuck).
  2430 | D:5      | 2430 ||| Stepping randomly (stuck).
  2431 | D:5      | 2431 ||| Stepping randomly (stuck).
  2432 | D:5      | 2432 ||| Stepping randomly (stuck).
  2433 | D:5      | 2433 ||| Stepping randomly (stuck).
  2434 | D:5      | 2434 ||| Stepping randomly (stuck).
  2435 | D:5      | 2435 ||| Stepping randomly (stuck).
  2436 | D:5      | 2436 ||| Stepping randomly (stuck).
  2437 | D:5      | 2437 ||| Stepping randomly (stuck).
  2438 | D:5      | 2438 ||| Stepping randomly (stuck).
  2439 | D:5      | 2439 ||| Stepping randomly (stuck).
  2440 | D:5      | 2440 ||| Stepping randomly (stuck).
  2441 | D:5      | 2441 ||| Stepping randomly (stuck).
  2442 | D:5      | 2442 ||| Stepping randomly (stuck).
  2443 | D:5      | 2443 ||| Stepping randomly (stuck).
  2444 | D:5      | 2444 ||| Stepping randomly (stuck).
  2445 | D:5      | 2445 ||| Stepping randomly (stuck).
  2446 | D:5      | 2446 ||| Stepping randomly (stuck).
  2447 | D:5      | 2447 ||| Stepping randomly (stuck).
  2448 | D:5      | 2448 ||| Stepping randomly (stuck).
  2456 | D:5      | Reached skill level 3 in Dodging
  2480 | D:5      | 2480 ||| Stepping randomly (stuck).
  2481 | D:5      | 2481 ||| Stepping randomly (stuck).
  2482 | D:5      | 2482 ||| Stepping randomly (stuck).
  2484 | D:5      | 2484 ||| UPGRADING to +0 ring mail.
  2494 | D:5      | 2494 ||| DROPPING +0 scale mail.
  2495 | D:5      | 2495 ||| Stepping randomly (stuck).
  2496 | D:5      | 2496 ||| Stepping randomly (stuck).
  2497 | D:5      | 2497 ||| Stepping randomly (stuck).
  2498 | D:5      | 2498 ||| Stepping randomly (stuck).
  2499 | D:5      | 2499 ||| Stepping randomly (stuck).
  2500 | D:5      | 2500 ||| Stepping randomly (stuck).
  2606 | D:4      | 2606 ||| Stepping ~*~*~tactically~*~*~ (outnumbered).
  2929 | D:4      | Reached skill level 3 in Fighting
  3107 | D:4      | 3107 ||| READING scroll labelled BOCYGUCKOU.
  3108 | D:4      | 3108 ||| READING scroll labelled INKOCA VOOSCHE.
  3209 | D:4      | 3209 ||| READING 3 scrolls of identify.
  3209 | D:4      | 3209 ||| IDENTIFYING fizzy brown potion
  3698 | D:5      | 3698 ||| DROPPING ring of willpower.
  3699 | D:5      | 3699 ||| UPGRADING to +6 ring of dexterity.
  3701 | D:5      | 3701 ||| UPGRADING to +4 ring of slaying {mikee}.
  3703 | D:5      | 3703 ||| DROPPING ring of protection from cold.
  3704 | D:5      | 3704 ||| READING scroll labelled SOR PYIGHA.
  3705 | D:5      | 3705 ||| READING scroll labelled BUAPLU OHIOF.
  3908 | D:5      | 3908 ||| Stepping randomly (stuck).
  4024 | D:6      | Reached XP level 9. HP: 50/50 MP: 11/11
  4150 | D:6      | 4150 ||| Stepping ~*~*~tactically~*~*~ (outnumbered).
  4152 | D:6      | 4152 ||| Stepping ~*~*~tactically~*~*~ (outnumbered).
  4304 | D:6      | 4304 ||| READING scroll of brand weapon.
  4304 | D:6      | 4304 ||| BRANDING +2 triple crossbow of electrocution.
  4460 | D:6      | Found a staircase to the Ecumenical Temple.
  4461 | D:6      | 4461 ||| PLANNING TEMPLE
  4461 | D:6      | 4461 ||| READING scroll labelled DEOPPI GUPPAE.
  4470 | Temple   | Entered the Ecumenical Temple
  4626 | Temple   | 4626 ||| PLANNING D:1-11
  4750 | D:6      | 4750 ||| READING 3 scrolls of identify.
  4750 | D:6      | 4750 ||| IDENTIFYING metallic amethyst potion
  4751 | D:6      | 4751 ||| DROPPING potion of attraction.
  4816 | D:7      | 4816 ||| Stepping ~*~*~tactically~*~*~ (outnumbered).
  4820 | D:7      | 4820 ||| Stepping ~*~*~tactically~*~*~ (outnumbered).
  4862 | D:7      | Reached skill level 6 in Dodging
  5350 | D:7      | 5350 ||| DRINKING 2 metallic white potions.
  5387 | D:8      | Noticed Grum
  5390 | D:8      | 5390 ||| STAIRDANCE
  5398 | D:7      | HP: 13/52 [wolf[Grum] (8)]
  5399 | D:7      | 5399 ||| DRINKING 3 potions of heal wounds.
  5432 | D:8      | 5432 ||| STAIRDANCE
  5447 | D:8      | Killed Grum
  5503 | D:8      | Found a sacrificial altar of Ru.
  5534 | D:8      | HP: 12/52 [killer bee (3)]
  5535 | D:8      | 5535 ||| DRINKING 2 potions of heal wounds.
  5539 | D:8      | HP: 10/52 [killer bee (6)]
  5539 | D:8      | HP: 2/52 [killer bee (8)]
  5540 | D:8      | 5540 ||| DRINKING potion of heal wounds.
  5543 | D:8      | Reached XP level 10. HP: 26/57 MP: 12/12
  5722 | D:8      | 5722 ||| FLEEEEING.
  5732 | D:8      | Noticed Gastronok
  5738 | D:8      | Noticed Maggie
  5741 | D:8      | HP: 11/58 [Gastronok (22)]
  5743 | D:8      | Killed Gastronok
  5744 | D:8      | HP: 3/60 [Maggie/+1 glaive of flaming (16)]
  5744 | D:8      | Slain by Maggie

Levels and vault maps discovered:
D:1:      psy_arrival_fountain, layout_basic
D:2:      layout_rooms, hellmonk_ecumenical_altar_pennies_from_heaven,
          uniq_natasha, uniq_sigmund, uniq_jessica, uniq_terence
D:3:      layout_loops_corners, nemelex_xobeh_ov_fountains_minmay,
          vehumet_altar_wand_db, zin_purify, serial_shops, shop, shop,
          nicolae_shop_bloodbath_and_beyond, nicolae_shop_trees, shop,
          uniq_robin
D:4:      layout_loops_ring, minmay_door_square
D:5:      layout_gridville, mainiacjoe_overflow_boulevard, serial_shops, shop,
          serial_demonic, serial_demonic_g, serial_demonic_b, serial_demonic_a,
          serial_demonic_d, serial_demonic_a, serial_demonic_g,
          serial_demonic_c, serial_demonic_a, kennysheep_generic_room_9
D:6:      layout_loops_cross, temple_fountains
D:7:      layout_loops_ring
D:8:      layout_gridville, mainiacjoe_overflow_surrounded_room,
          nicolae_qazlal_general_emergency, uniq_maggie, uniq_grum,
          uniq_gastronok
Temple:   bh_familiar_temple

Skill      XL: |  1  2  3  4  5  6  7  8  9 10 |
---------------+-------------------------------+-----
Ranged Weapons | 6 7 8 9 18 | 18.4
Armour         | 3 |  3.0
Fighting       | 2 3 4 5 |  5.7
Dodging        | 4 8 |  8.0
Stealth        | |  1.2

Action                     |  1- 3 |  4- 6 |  7- 9 | 10-12 || total
---------------------------+-------+-------+-------+-------++-------
   Fire: Shortbow          |    68 |   106 |       |       ||   174
         Triple crossbow   |       |    16 |   204 |    25 ||   245
    Use: Scroll            |     3 |     4 |    12 |       ||    19
         Potion            |     3 |     1 |     5 |       ||     9
 Armour: Scale mail        |     5 |    49 |    46 |       ||   100
         Ring mail         |       |       |    49 |     8 ||    57
  Dodge: Dodged            |    16 |    44 |   213 |    41 ||   314

Table legend:
 A = Non-vault XP
 B = Vault XP
 C = Vault XP percentage of total XP
 D = Non-vault monster count
 E = Vault monster count
 F = Vault count percentage of total count
                 A         B        C        D         E       F
            +---------+---------+-------+---------+---------+-------
      Total |    3951 |    2673 |  40.4 |     161 |      39 |  19.5
            +---------+---------+-------+---------+---------+-------
        D:1 |      36 |       0 |   0.0 |      22 |       0 |   0.0
        D:2 |      82 |     345 |  80.8 |      12 |       4 |  25.0
        D:3 |     111 |      40 |  26.5 |      18 |      14 |  43.8
        D:4 |     452 |       0 |   0.0 |      32 |       0 |   0.0
        D:5 |     568 |     288 |  33.6 |      17 |      16 |  48.5
        D:6 |     375 |       0 |   0.0 |      12 |       0 |   0.0
        D:7 |    1109 |     342 |  23.6 |      20 |       3 |  13.0
        D:8 |    1218 |    1658 |  57.6 |      28 |       2 |   6.7
            +---------+---------+-------+---------+---------+-------
